 Dungeon Crawl Stone Soup version 0.31-a0-940-gdaa99269f9 (webtiles) character file.

Game seed: 4568542613174422224

170 fetfluga the Grave Robber (level 5, -5/35 HPs)
             Began as a Demonspawn Necromancer on Oct 20, 2023.
             Slain by Sigmund
             ... wielding a +0 scythe
              (8 damage)
             ... on level 3 of the Dungeon.
             The game lasted 00:09:54 (2566 turns).

fetfluga the Grave Robber (Demonspawn Necromancer)  Turns: 2566, Time: 00:09:55

Health: -5/35      AC:  6    Str:  9    XL:     5   Next: 25%
Magic:  9/9        EV: 12    Int: 18    God:
Gold:   115        SH:  0    Dex: 13    Spells: 8/9 levels left

rFire   . . .        f - +2 dagger
rCold   . . .        (no shield)
rNeg    . . .        a - +2 robe
rPois   .            (helmet restricted)
rElec   +            g - +1 cloak
rCorr   .            (no gloves)
SInv    .            (no boots)
Will    .....        (no amulet)
Stlth   ++           (no ring)
HPRegen 0.25/turn    (no ring)
MPRegen 0.11/turn

%: clarity
@: no status effects
A: antennae 1, clarity, electricity resistance, inability to drink after injury
1
a: no special abilities


You were on level 3 of the Dungeon.
You visited 1 branch of the dungeon, and saw 3 of its levels.

You collected 115 gold pieces.

Inventory:

Hand Weapons
 f - a +2 dagger (weapon)
 k - a +0 short sword of speed
Armour
 a - a +2 robe (worn)
 c - the +2 ring mail of Mirth {Dex+2}
   (You found it on level 2 of the Dungeon)

   Dex+2:     It affects your dexterity (+2).
 g - a +1 cloak (worn)
Scrolls
 d - a scroll of teleportation
 e - 2 scrolls of fog


   Skills:
 + Level 0.3 Fighting
 + Level 0.9 Short Blades
 + Level 2.1 Dodging
 + Level 1.8 Stealth
 + Level 2.9 Spellcasting
 + Level 6.2 Necromancy


You had 8 spell levels left.
You knew the following spells:

 Your Spells              Type           Power      Damage    Failure   Level
a - Necrotise             Necr           100%       1d9       1%          1

Your spell library contained the following spells:

 Spells                   Type           Power      Damage    Failure   Level
 Vampiric Draining        Necr           25%        2d7       3%          3
 Animate Dead             Necr           25%        N/A       13%         4
 Agony                    Necr           25%        N/A       34%         5


Dungeon Overview and Level Annotations

Branches:
Dungeon (3/15)

Altars:

Annotations:
D:3 Sigmund


Innate Abilities, Weirdness & Mutations

You have a pair of small antennae on your head.
You possess an exceptional clarity of mind.
You are resistant to electric shocks. (rElec)
You occasionally lose the ability to drink potions when taking damage.


Message History

The adder poisons you!
You barely miss the adder.
The adder is almost dead.
You feel sick. The adder closely misses you.
You barely miss the adder. You punch the adder.
You kill the adder!
You feel sick.
You feel sick.
You see here a +0 dagger.
Sigmund the Dreaded comes into view.
He is wielding a +0 scythe.
Found a stone staircase leading up.
You feel sick.
Sigmund shouts!
You feel sick.
Sigmund gestures wildly while chanting.
Sigmund flickers and vanishes!
Deactivating autopickup; reactivate with Ctrl-A.
You feel sick.
You are no longer poisoned.
Casting: Necrotise (safe; 1% risk of failure)
Confirm with . or Enter, or press ? or * to list all spells.
You can't see any susceptible monsters within range! (Use Z to cast anyway.) Unknown command.
Something barely misses you. Something hits you but does no damage.
Something hits you but does no damage.
You barely miss something. You closely miss something.
You hear some strange, mumbled words.
A magic dart appears from out of thin air!
The magic dart hits you.
You hit something but do no damage. Something hits you!
You closely miss something. Something hits you.
* * * LOW HITPOINT WARNING * * *
You hit something. You hit something but do no damage.
Something hits you but does no damage.
You hit something. Something hits you!
* * * LOW HITPOINT WARNING * * *
You completely miss something. You barely miss something. Something hits you!
You die...

#.. .# #.# .#. #.#
# #. ##.##
.###.#.##..<##
#.#.##.#.....###.#
#...............#
#.# #{@...# #
########.# #
#.....##.##
.........#
#.#.........#
########.#
#.......####.
########.##
###...<.#
..........#
###)###
########.## #.#
#.########.#
#..........#


There were no monsters in sight!

Vanquished Creatures
  4 gnolls (D:3)
  7 adders
  A worm (D:2)
  A dart slug (D:1)
  5 endoplasms
  2 giant cockroaches
  8 goblins
  4 hobgoblins
  4 jackals (D:1)
  A quokka (D:1)
  5 ball pythons
  4 bats
  4 frilled lizards
  5 kobolds
  5 rats
60 creatures vanquished.

Vanquished Creatures (collateral kills)
  A dart slug (D:3)
  2 giant cockroaches (D:1)
  2 ball pythons (D:1)
  A rat (D:2)
6 creatures vanquished.

Grand Total: 66 creatures vanquished

Notes
Turn   | Place    | Note
-------+----------+-------------------------------------------
     0 | D:1      | fetfluga the Demonspawn Necromancer began the quest for the
                  | Orb.
     0 | D:1      | Reached XP level 1. HP: 13/13 MP: 3/3
    97 | D:1      | Gained mutation: You have a pair of small antennae on your
                  | head. [demonic ancestry]
    97 | D:1      | Reached XP level 2. HP: 19/19 MP: 0/5
   165 | D:1      | Reached skill level 5 in Necromancy
   352 | D:1      | Reached XP level 3. HP: 15/24 MP: 1/6
  1423 | D:2      | Gained mutation: You occasionally lose the ability to drink
                  | potions when taking damage. [potion of mutation]
  1423 | D:2      | Gained mutation: You are resistant to electric shocks.
                  | (rElec) [potion of mutation]
  1423 | D:2      | Gained mutation: You possess an exceptional clarity of
                  | mind. [potion of mutation]
  1470 | D:2      | Reached XP level 4. HP: 20/30 MP: 0/7
  1575 | D:2      | Identified the +2 ring mail of Mirth {Dex+2}
  2140 | D:3      | Reached XP level 5. HP: 20/35 MP: 4/9
  2147 | D:3      | Reached skill level 6 in Necromancy
  2550 | D:3      | Noticed Sigmund
  2566 | D:3      | Slain by Sigmund

Illustrated notes

Levels and vault maps discovered:
D:1:      lightli_molten_gateway, layout_basic, minmay_pentomino_o4
D:2:      layout_basic, minmay_misc_feat_x
D:3:      layout_loops_ring, uniq_sigmund, uniq_crazy_yiuf_cottage

Skill      XL: |  1  2  3  4  5 |
---------------+----------------+-----
Necromancy     | 5 6 |  6.2
Dodging        | 2 |  2.1
Fighting       | |  0.3
Short Blades   | |  0.9
Stealth        | |  1.8
Spellcasting   | |  2.9

Action                     |  1- 3 |  4- 6 || total
---------------------------+-------+-------++-------
  Melee: Unarmed           |    33 |       ||    33
         Dagger            |    27 |    71 ||    98
         Punch             |     1 |     1 ||     2
   Cast: Necrotise         |    54 |    35 ||    89
    Use: Scroll            |     6 |     3 ||     9
         Potion            |     4 |     3 ||     7
 Armour: Robe              |    32 |    62 ||    94
  Dodge: Dodged            |    59 |    53 ||   112

Table legend: (Time is in decaauts)
 A = Elapsed time spent in this place.
 B = Non-inter-level travel time spent in this place.
 C = Inter-level travel time spent in this place.
 D = Time resting spent in this place.
 E = Time spent auto-exploring this place.
 F = Levels seen in this place.
 G = Mean time per level.
                   A        B        C        D        E       F      G
               +--------+--------+--------+--------+--------+-----+--------+
         Total |   2545 |   2545 |      0 |    601 |      0 |   3 |  848.3 |
       Dungeon |   2545 |   2545 |      0 |    601 |      0 |   3 |  848.3 |
               +--------+--------+--------+--------+--------+-----+--------+

Top non-repeatable levels by time:
     D:1: 1257 daAuts
     D:2: 777 daAuts
     D:3: 509 daAuts
